Bruins vs Canadiens

Created - April 1 2007 at 12:09

Goals
1 2 3 T
Bruins 3 1 1 5
Canadiens 1 1 2 4
Shots
1 2 3 T
Bruins 18 17 11 46
Canadiens 11 12 11 34

Period #1

1. Bruins , Patrice Bergeron 21 (Rostislav Klesla, Marco Sturm) at 2:41 (PP)
2. Canadiens , Mathieu Schneider 14 (Christopher Higgins, Andrei Markov) at 2:49
3. Bruins , Patrice Bergeron 22 (Glen Murray, Paul Mara) at 10:55 (PP)
4. Bruins , Dean McAmmond 3 (Marco Sturm, Jay McKee) at 13:56

Penalities :
Andrei Markov (MTL) for High sticking (Minor) at 2:26, Martin Gelinas (MTL) for Clipping (Minor) at 2:56, Dave Scatchard (MTL) for Checking from behind (Major) at 7:45, Sheldon Souray (MTL) for Kneeing (Major) at 8:16, Mike Johnson (MTL) for Fighting (Major) at 13:28, Georges Laraque (BOS) for Fighting (Major) at 13:28, Sean Avery (BOS) for High sticking (Minor) at 17:04, Rostislav Klesla (BOS) for Elbowing (Minor) at 19:35

Period #2

5. Bruins , Mike Richards 8 (Dean McAmmond, Jason Ward) at 7:17
6. Canadiens , Sergei Samsonov 22 (Steve Reinprecht, Francis Bouillon) at 14:19

Penalities :
Olli Jokinen (MTL) for Delaying the game (Minor) at 4:46, Janne Niinimaa (MTL) for Roughing (Minor) at 9:57

Period #3

7. Bruins , Rick Nash 25 (Glen Murray, Paul Mara) at 0:29
8. Canadiens , Christopher Higgins 9 (Andrei Markov, Dave Scatchard) at 11:48
9. Canadiens , Olli Jokinen 19 (Daniel Sedin, Mathieu Schneider) at 12:55

Penalities :
Dave Scatchard (MTL) for Interference (Minor) at 7:04, Shean Donovan (BOS) for Cross-checking (Minor) at 8:59, Sheldon Souray (MTL) for Holding (Minor) at 16:32, Jay McKee (BOS) for Slashing (Minor) at 19:54

Goalie Stats

Alexander Auld (BOS), 30 saves from 34 shots - (0.882), W, 18-22-4, 60:00 minutes
David Aebischer (MTL), 41 saves from 46 shots - (0.891), L, 13-6-1, 59:43 minutes

Players Stats

Bruins
Player Name              G  A  P  +/- PIM S  H  SB FO MP 
-----------------------------------------------------------
Dean McAmmond            1  1  2   0  0   2  0  1  2  14 
Georges Laraque          0  0  0   0  5   0  0  0  0  5  
Glen Murray              0  2  2   0  0   0  0  0  3  22 
Jason Ward               0  1  1  -1  0   1  1  0  1  12 
Jay McKee                0  1  1   0  2   0  2  2  0  19 
Marco Sturm              0  2  2   0  0   9  0  0  4  20 
Mattias Norstrom         0  0  0   1  0   2  1  1  0  21 
Mike Richards            1  0  1  -1  0   4  1  1  17 16 
P.J. Axelsson            0  0  0   0  0   0  0  0  1  6  
Patrice Bergeron         2  0  2  -1  0   9  0  0  37 22 
Paul Mara                0  2  2   0  0   1  0  1  0  21 
Pavel Datsyuk            0  0  0   0  0   4  0  0  30 22 
Rick Nash                1  0  1   0  0   6  0  0  0  20 
Rostislav Klesla         0  1  1  -2  2   1  1  0  0  18 
Sami Salo                0  0  0   0  0   0  1  1  0  21 
Sean Avery               0  0  0   0  2   1  0  0  8  4  
Shean Donovan            0  0  0  -1  2   3  0  0  2  19 
Zdeno Chara              0  0  0  -1  0   3  1  1  0  23 
Canadiens
Player Name              G  A  P  +/- PIM S  H  SB FO MP 
-----------------------------------------------------------
Alexander Perezhogin     0  0  0   1  0   1  0  0  1  4  
Andrei Markov            0  2  2   0  2   1  1  7  0  23 
Christopher Higgins      1  1  2   1  0   2  0  0  0  6  
Craig Rivet              0  0  0   0  0   0  1  1  0  23 
Daniel Sedin             0  1  1   0  0   6  0  0  4  20 
Dave Scatchard           0  1  1   1  7   0  0  0  13 4  
Francis Bouillon         0  1  1   1  0   1  1  1  0  15 
Henrik Sedin             0  0  0   0  0   8  0  0  32 22 
Janne Niinimaa           0  0  0   1  2   0  1  3  0  20 
Martin Gelinas           0  0  0   0  2   4  0  0  1  14 
Mathieu Schneider        1  1  2   0  0   1  1  4  0  23 
Michael Ryder            0  0  0   0  0   1  1  0  1  12 
Mike Johnson             0  0  0   1  5   2  0  0  1  14 
Olli Jokinen             1  0  1  -1  2   2  0  1  28 20 
Sergei Samsonov          1  0  1   1  0   3  0  0  2  14 
Shane Doan               0  0  0  -1  0   0  0  1  8  23 
Sheldon Souray           0  0  0   0  7   1  0  2  0  20 
Steve Reinprecht         0  1  1   1  0   1  0  0  14 16 

3 Stars

1 - Mathieu Schneider (MTL)
2 - Patrice Bergeron (BOS)
3 - Christopher Higgins (MTL)

Power Play

Bruins - 2 on 8 Attempt(s) - 25.00%
Canadiens - 0 on 4 Attempt(s) - 0.00%

Penalty Kill

Bruins - 4 on 4 Attempt(s) - 100.00% - Score 0 goal in Penalty Kill
Canadiens - 6 on 8 Attempt(s) - 75.00% - Score 0 goal in Penalty Kill

Game Notes

Mike Johnson and Georges Laraque fight to a draw at 13:28 of 1st period
Jason Ward is injured at 18:46 of 3rd period (Head)

Finance

Level 1 -- Attendance: 4164 (59.49%) -- Ticket Income $416,400.00
Level 2 -- Attendance: 3970 (66.16%) -- Ticket Income $238,200.00
Level 3 -- Attendance: 2066 (64.96%) -- Ticket Income $72,310.00
Level 4 -- Attendance: 3626 (86.34%) -- Ticket Income $72,520.00
Luxury Box -- Attendance: 803 (64.20%) -- Ticket Income $160,600.00
Game was played at the Bell Centre
Total Attendance: 14629 (67.63%)
Total Ticket Income: $1,019,078.00
Other Income: $171,114.60
Total Income: $1,190,193.00


Play by Play

Period #1

0:01 of 1st period - Olli Jokinen wins face-off versus Pavel Datsyuk in neutral zone.
0:10 of 1st period - Shot by Daniel Sedin.
0:10 of 1st period - Stopped by Alexander Auld without a rebound.
0:11 of 1st period - Henrik Sedin wins face-off versus Patrice Bergeron in Bruins zone.
0:24 of 1st period - Shot by Marco Sturm.
0:24 of 1st period - Stopped by David Aebischer without a rebound.
0:25 of 1st period - Olli Jokinen wins face-off versus Pavel Datsyuk in Canadiens zone.
0:34 of 1st period - Shot by Glen Murray.
0:34 of 1st period - Shot Blocked by Mathieu Schneider.
0:35 of 1st period - Shot by Sami Salo.
0:35 of 1st period - Shot Misses the Net.
0:40 of 1st period - Shot by Pavel Datsyuk.
0:40 of 1st period - Shot Misses the Net.
0:43 of 1st period - Shot by Rick Nash.
0:43 of 1st period - Stopped by David Aebischer without a rebound.
0:44 of 1st period - Patrice Bergeron wins face-off versus Henrik Sedin in Canadiens zone.
0:53 of 1st period - Shot by Marco Sturm.
0:53 of 1st period - Shot Misses the Net.
0:58 of 1st period - Shot by Henrik Sedin.
0:58 of 1st period - Stopped by Alexander Auld with a rebound.
1:01 of 1st period - Shot by Martin Gelinas.
1:01 of 1st period - Deflect By Henrik Sedin.
1:01 of 1st period - Stopped by Alexander Auld without a rebound.
1:02 of 1st period - Steve Reinprecht wins face-off versus Dean McAmmond in Bruins zone.
2:26 of 1st period - Minor Penalty to Andrei Markov for High sticking.
2:27 of 1st period - Patrice Bergeron wins face-off versus Olli Jokinen in Bruins zone.
2:36 of 1st period - Shot by Marco Sturm.
2:36 of 1st period - Shot Misses the Net.
2:37 of 1st period - Shot by Patrice Bergeron.
2:37 of 1st period - Shot Misses the Net.
2:38 of 1st period - Shot by Rostislav Klesla.
2:38 of 1st period - Shot Blocked by Sheldon Souray.
2:39 of 1st period - Shot by Rostislav Klesla.
2:39 of 1st period - Shot Misses the Net.
2:40 of 1st period - Shot by Rostislav Klesla.
2:40 of 1st period - Shot Misses the Net.
2:41 of 1st period - Shot by Patrice Bergeron.
2:41 of 1st period - Goal by Patrice Bergeron - Bruins : 1 - Canadiens : 0.
2:42 of 1st period - Dave Scatchard wins face-off versus Patrice Bergeron in neutral zone.
2:49 of 1st period - Shot by Mathieu Schneider.
2:49 of 1st period - Goal by Mathieu Schneider - Bruins : 1 - Canadiens : 1.
2:50 of 1st period - Sean Avery wins face-off versus Henrik Sedin in neutral zone.
2:56 of 1st period - Minor Penalty to Martin Gelinas for Clipping.
2:57 of 1st period - Pavel Datsyuk wins face-off versus Henrik Sedin in Canadiens zone.
3:22 of 1st period - Shot by Pavel Datsyuk.
3:22 of 1st period - Shot Blocked by Andrei Markov.
3:23 of 1st period - Shot by Paul Mara.
3:23 of 1st period - Stopped by David Aebischer without a rebound.
3:24 of 1st period - Patrice Bergeron wins face-off versus Olli Jokinen in Canadiens zone.
3:31 of 1st period - Shot by Marco Sturm.
3:31 of 1st period - Shot Misses the Net.
3:32 of 1st period - Shot by Marco Sturm.
3:32 of 1st period - Deflect By Patrice Bergeron.
3:32 of 1st period - Shot Blocked by Andrei Markov.
3:33 of 1st period - Shot by Rostislav Klesla.
3:33 of 1st period - Stopped by David Aebischer without a rebound.
3:34 of 1st period - Patrice Bergeron wins face-off versus Henrik Sedin in Canadiens zone.
3:35 of 1st period - Shot by Marco Sturm.
3:35 of 1st period - Stopped by David Aebischer without a rebound.
3:36 of 1st period - Marco Sturm wins face-off versus Daniel Sedin in Canadiens zone.
4:58 of 1st period - Icing by Mathieu Schneider.
4:59 of 1st period - Steve Reinprecht wins face-off versus Mike Richards in Canadiens zone.
5:18 of 1st period - Shot by Mike Johnson.
5:18 of 1st period - Shot Misses the Net.
5:23 of 1st period - Shot by Mike Johnson.
5:23 of 1st period - Deflect By Steve Reinprecht.
5:23 of 1st period - Shot Misses the Net.
6:28 of 1st period - Shot by Michael Ryder.
6:28 of 1st period - Shot Misses the Net.
6:52 of 1st period - Pavel Datsyuk is hit by Mathieu Schneider and loses puck.
6:59 of 1st period - Off-side.
7:00 of 1st period - Shane Doan wins face-off versus Mike Richards in neutral zone.
7:27 of 1st period - Shot by Dean McAmmond.
7:27 of 1st period - Shot Blocked by Sheldon Souray.
7:28 of 1st period - Shot by Jason Ward.
7:28 of 1st period - Stopped by David Aebischer without a rebound.
7:29 of 1st period - Dave Scatchard wins face-off versus Glen Murray in Canadiens zone.
7:45 of 1st period - Major Penalty to Dave Scatchard for Checking from behind.
7:46 of 1st period - Daniel Sedin wins face-off versus Pavel Datsyuk in Canadiens zone.
8:16 of 1st period - Major Penalty to Sheldon Souray for Kneeing.
8:17 of 1st period - Patrice Bergeron wins face-off versus Olli Jokinen in Canadiens zone.
8:24 of 1st period - Shot by Shean Donovan.
8:24 of 1st period - Shot Blocked by Mathieu Schneider.
8:40 of 1st period - Icing by Rostislav Klesla.
8:41 of 1st period - Patrice Bergeron wins face-off versus Olli Jokinen in Bruins zone.
8:45 of 1st period - Off-side.
8:46 of 1st period - Pavel Datsyuk wins face-off versus Shane Doan in neutral zone.
8:51 of 1st period - Shot by Pavel Datsyuk.
8:51 of 1st period - Stopped by David Aebischer with a rebound.
9:17 of 1st period - Icing by Zdeno Chara.
9:18 of 1st period - Pavel Datsyuk wins face-off versus Shane Doan in Bruins zone.
9:49 of 1st period - Shot by Marco Sturm.
9:49 of 1st period - Shot Misses the Net.
10:19 of 1st period - Icing by Mattias Norstrom.
10:20 of 1st period - Pavel Datsyuk wins face-off versus Shane Doan in Bruins zone.
10:37 of 1st period - Shot by Pavel Datsyuk.
10:37 of 1st period - Deflect By Dean McAmmond.
10:37 of 1st period - Stopped by David Aebischer without a rebound.
10:38 of 1st period - Shane Doan wins face-off versus Patrice Bergeron in Canadiens zone.
10:55 of 1st period - Shot by Patrice Bergeron.
10:55 of 1st period - Goal by Patrice Bergeron - Bruins : 2 - Canadiens : 1.
10:56 of 1st period - Shane Doan wins face-off versus Patrice Bergeron in neutral zone.
11:25 of 1st period - Shot by Marco Sturm.
11:25 of 1st period - Shot Blocked by Shane Doan.
12:16 of 1st period - Shot by Shane Doan.
12:16 of 1st period - Shot Misses the Net.
12:27 of 1st period - Shot by Marco Sturm.
12:27 of 1st period - Stopped by David Aebischer without a rebound.
12:28 of 1st period - Olli Jokinen wins face-off versus Patrice Bergeron in Canadiens zone.
12:53 of 1st period - Shot by Patrice Bergeron.
12:53 of 1st period - Stopped by David Aebischer without a rebound.
12:54 of 1st period - Henrik Sedin wins face-off versus Pavel Datsyuk in Canadiens zone.
13:28 of 1st period - Mike Johnson and Georges Laraque fight to a draw.
13:28 of 1st period - Penalty to Mike Johnson for Fighting.
13:28 of 1st period - Penalty to Georges Laraque for Fighting.
13:29 of 1st period - Olli Jokinen wins face-off versus Marco Sturm in Canadiens zone.
13:40 of 1st period - Shot by Olli Jokinen.
13:40 of 1st period - Shot Blocked by Mattias Norstrom.
13:51 of 1st period - Shot by Marco Sturm.
13:51 of 1st period - Shot Blocked by Mathieu Schneider.
13:56 of 1st period - Shot by Dean McAmmond.
13:56 of 1st period - Goal by Dean McAmmond - Bruins : 3 - Canadiens : 1.
13:57 of 1st period - Henrik Sedin wins face-off versus Pavel Datsyuk in neutral zone.
14:02 of 1st period - Shot by Rick Nash.
14:02 of 1st period - Stopped by David Aebischer with a rebound.
14:03 of 1st period - Shot by Zdeno Chara.
14:03 of 1st period - Stopped by David Aebischer without a rebound.
14:04 of 1st period - Henrik Sedin wins face-off versus Patrice Bergeron in Canadiens zone.
14:04 of 1st period - Daniel Sedin is hit by Jay McKee and loses puck.
14:27 of 1st period - Henrik Sedin is hit by Jay McKee and loses puck.
15:33 of 1st period - Shot by Henrik Sedin.
15:33 of 1st period - Stopped by Alexander Auld without a rebound.
15:34 of 1st period - Patrice Bergeron wins face-off versus Olli Jokinen in Bruins zone.
15:47 of 1st period - Shot by Patrice Bergeron.
15:47 of 1st period - Stopped by David Aebischer with a rebound.
15:48 of 1st period - Shot by Marco Sturm.
15:48 of 1st period - Stopped by David Aebischer with a rebound.
15:49 of 1st period - Shot by Patrice Bergeron.
15:49 of 1st period - Shot Misses the Net.
15:52 of 1st period - Shot by Marco Sturm.
15:52 of 1st period - Shot Misses the Net.
15:57 of 1st period - Shot by Patrice Bergeron.
15:57 of 1st period - Stopped by David Aebischer without a rebound.
15:58 of 1st period - Pavel Datsyuk wins face-off versus Daniel Sedin in Canadiens zone.
16:09 of 1st period - Shot by Pavel Datsyuk.
16:09 of 1st period - Shot Misses the Net.
16:59 of 1st period - Icing by Mathieu Schneider.
17:00 of 1st period - Olli Jokinen wins face-off versus Sean Avery in Canadiens zone.
17:04 of 1st period - Minor Penalty to Sean Avery for High sticking.
17:05 of 1st period - Henrik Sedin wins face-off versus Mike Richards in Canadiens zone.
17:16 of 1st period - Shot by Daniel Sedin.
17:16 of 1st period - Stopped by Alexander Auld without a rebound.
17:17 of 1st period - Mike Richards wins face-off versus Henrik Sedin in Bruins zone.
17:32 of 1st period - Shot by Henrik Sedin.
17:32 of 1st period - Stopped by Alexander Auld without a rebound.
17:33 of 1st period - Olli Jokinen wins face-off versus Mike Richards in Bruins zone.
18:16 of 1st period - Shot by Daniel Sedin.
18:16 of 1st period - Stopped by Alexander Auld without a rebound.
18:17 of 1st period - Patrice Bergeron wins face-off versus Henrik Sedin in Bruins zone.
18:52 of 1st period - Shot by Martin Gelinas.
18:52 of 1st period - Stopped by Alexander Auld with a rebound.
18:55 of 1st period - Shot by Craig Rivet.
18:55 of 1st period - Shot Blocked by Mike Richards.
18:56 of 1st period - Shot by Craig Rivet.
18:56 of 1st period - Shot Misses the Net.
18:57 of 1st period - Shot by Sheldon Souray.
18:57 of 1st period - Stopped by Alexander Auld without a rebound.
18:58 of 1st period - Dave Scatchard wins face-off versus Patrice Bergeron in Bruins zone.
19:23 of 1st period - Shot by Steve Reinprecht.
19:23 of 1st period - Shot Blocked by Paul Mara.
19:26 of 1st period - Shot by Mike Johnson.
19:26 of 1st period - Stopped by Alexander Auld without a rebound.
19:27 of 1st period - Dave Scatchard wins face-off versus Sean Avery in Bruins zone.
19:35 of 1st period - Minor Penalty to Rostislav Klesla for Elbowing.
19:36 of 1st period - Patrice Bergeron wins face-off versus Michael Ryder in Bruins zone.
19:42 of 1st period - Icing by Sheldon Souray.
19:43 of 1st period - Patrice Bergeron wins face-off versus Henrik Sedin in Canadiens zone.

Period #2

0:01 of 2nd period - P.J. Axelsson wins face-off versus Olli Jokinen in neutral zone.
0:51 of 2nd period - Icing by Mathieu Schneider.
0:52 of 2nd period - Patrice Bergeron wins face-off versus Olli Jokinen in Canadiens zone.
1:25 of 2nd period - Shot by Martin Gelinas.
1:25 of 2nd period - Stopped by Alexander Auld with a rebound.
1:37 of 2nd period - Icing by Rostislav Klesla.
1:38 of 2nd period - Mike Richards wins face-off versus Steve Reinprecht in Bruins zone.
1:53 of 2nd period - Shot by Dean McAmmond.
1:53 of 2nd period - Shot Misses the Net.
1:56 of 2nd period - Shot by Mike Richards.
1:56 of 2nd period - Shot Misses the Net.
2:05 of 2nd period - Shot by Mike Richards.
2:05 of 2nd period - Stopped by David Aebischer without a rebound.
2:06 of 2nd period - Shane Doan wins face-off versus Pavel Datsyuk in Canadiens zone.
2:31 of 2nd period - Shot by Pavel Datsyuk.
2:31 of 2nd period - Stopped by David Aebischer with a rebound.
2:34 of 2nd period - Shot by Rick Nash.
2:34 of 2nd period - Shot Misses the Net.
2:35 of 2nd period - Shot by Paul Mara.
2:35 of 2nd period - Deflect By Pavel Datsyuk.
2:35 of 2nd period - Stopped by David Aebischer without a rebound.
2:36 of 2nd period - Dave Scatchard wins face-off versus Patrice Bergeron in Canadiens zone.
2:59 of 2nd period - Shot by Alexander Perezhogin.
2:59 of 2nd period - Stopped by Alexander Auld without a rebound.
3:00 of 2nd period - Steve Reinprecht wins face-off versus Mike Richards in Bruins zone.
3:11 of 2nd period - Shot by Rostislav Klesla.
3:11 of 2nd period - Shot Blocked by Janne Niinimaa.
3:30 of 2nd period - Shot by Sergei Samsonov.
3:30 of 2nd period - Stopped by Alexander Auld without a rebound.
3:31 of 2nd period - Patrice Bergeron wins face-off versus Henrik Sedin in Bruins zone.
3:31 of 2nd period - Zdeno Chara is hit by Craig Rivet and loses puck.
4:17 of 2nd period - Shot by Pavel Datsyuk.
4:17 of 2nd period - Stopped by David Aebischer without a rebound.
4:18 of 2nd period - Mike Richards wins face-off versus Olli Jokinen in Canadiens zone.
4:24 of 2nd period - Off-side.
4:25 of 2nd period - Pavel Datsyuk wins face-off versus Steve Reinprecht in neutral zone.
4:30 of 2nd period - Shot by Rick Nash.
4:30 of 2nd period - Shot Misses the Net.
4:31 of 2nd period - Shot by Glen Murray.
4:31 of 2nd period - Shot Misses the Net.
4:33 of 2nd period - Icing by Francis Bouillon.
4:34 of 2nd period - Steve Reinprecht wins face-off versus Dean McAmmond in Canadiens zone.
4:38 of 2nd period - Off-side.
4:39 of 2nd period - Olli Jokinen wins face-off versus Pavel Datsyuk in neutral zone.
4:41 of 2nd period - Andrei Markov is hit by Sami Salo and loses puck.
4:46 of 2nd period - Minor Penalty to Olli Jokinen for Delaying the game.
4:47 of 2nd period - Henrik Sedin wins face-off versus Pavel Datsyuk in Bruins zone.
5:04 of 2nd period - Shot by Pavel Datsyuk.
5:04 of 2nd period - Shot Blocked by Andrei Markov.
5:05 of 2nd period - Shot by Zdeno Chara.
5:05 of 2nd period - Stopped by David Aebischer without a rebound.
5:06 of 2nd period - Patrice Bergeron wins face-off versus Henrik Sedin in Canadiens zone.
5:22 of 2nd period - Icing by Rostislav Klesla.
5:23 of 2nd period - Daniel Sedin wins face-off versus Patrice Bergeron in Bruins zone.
5:33 of 2nd period - Icing by Shean Donovan.
5:34 of 2nd period - Henrik Sedin wins face-off versus Patrice Bergeron in Bruins zone.
6:02 of 2nd period - Icing by Rostislav Klesla.
6:03 of 2nd period - Henrik Sedin wins face-off versus Patrice Bergeron in Bruins zone.
7:03 of 2nd period - Icing by Mattias Norstrom.
7:04 of 2nd period - Jason Ward wins face-off versus Alexander Perezhogin in Bruins zone.
7:17 of 2nd period - Shot by Mike Richards.
7:17 of 2nd period - Goal by Mike Richards - Bruins : 4 - Canadiens : 1.
7:18 of 2nd period - Pavel Datsyuk wins face-off versus Mike Johnson in neutral zone.
7:51 of 2nd period - Shot by Sergei Samsonov.
7:51 of 2nd period - Stopped by Alexander Auld without a rebound.
7:52 of 2nd period - Patrice Bergeron wins face-off versus Martin Gelinas in Bruins zone.
8:23 of 2nd period - Shot by Marco Sturm.
8:23 of 2nd period - Stopped by David Aebischer without a rebound.
8:24 of 2nd period - Olli Jokinen wins face-off versus Mike Richards in Canadiens zone.
8:49 of 2nd period - Shot by Dean McAmmond.
8:49 of 2nd period - Shot Blocked by Andrei Markov.
8:54 of 2nd period - Shot by Jason Ward.
8:54 of 2nd period - Shot Blocked by Andrei Markov.
8:55 of 2nd period - Shot by Rostislav Klesla.
8:55 of 2nd period - Shot Blocked by Mathieu Schneider.
9:00 of 2nd period - Shot by Mike Richards.
9:00 of 2nd period - Stopped by David Aebischer without a rebound.
9:01 of 2nd period - Pavel Datsyuk wins face-off versus Steve Reinprecht in Canadiens zone.
9:18 of 2nd period - Shot by Rick Nash.
9:18 of 2nd period - Stopped by David Aebischer without a rebound.
9:19 of 2nd period - Henrik Sedin wins face-off versus Marco Sturm in Canadiens zone.
9:52 of 2nd period - Shot by Marco Sturm.
9:52 of 2nd period - Shot Misses the Net.
9:55 of 2nd period - Shot by Marco Sturm.
9:55 of 2nd period - Stopped by David Aebischer with a rebound.
9:56 of 2nd period - Shot by Mattias Norstrom.
9:56 of 2nd period - Stopped by David Aebischer without a rebound.
9:57 of 2nd period - Mike Richards wins face-off versus Steve Reinprecht in Canadiens zone.
9:57 of 2nd period - Minor Penalty to Janne Niinimaa for Roughing.
9:58 of 2nd period - Pavel Datsyuk wins face-off versus Olli Jokinen in Canadiens zone.
10:33 of 2nd period - Shot by Pavel Datsyuk.
10:33 of 2nd period - Deflect By Glen Murray.
10:33 of 2nd period - Shot Blocked by Andrei Markov.
10:34 of 2nd period - Shot by Pavel Datsyuk.
10:34 of 2nd period - Shot Misses the Net.
11:54 of 2nd period - Icing by Paul Mara.
11:55 of 2nd period - Olli Jokinen wins face-off versus Pavel Datsyuk in Bruins zone.
12:24 of 2nd period - Shot by Sean Avery.
12:24 of 2nd period - Shot Misses the Net.
12:25 of 2nd period - Shot by P.J. Axelsson.
12:25 of 2nd period - Shot Misses the Net.
12:28 of 2nd period - Shot by Sean Avery.
12:28 of 2nd period - Shot Blocked by Francis Bouillon.
12:29 of 2nd period - Shot by Mattias Norstrom.
12:29 of 2nd period - Shot Blocked by Janne Niinimaa.
12:30 of 2nd period - Shot by Mattias Norstrom.
12:30 of 2nd period - Stopped by David Aebischer without a rebound.
12:31 of 2nd period - Dave Scatchard wins face-off versus Patrice Bergeron in Canadiens zone.
12:44 of 2nd period - Shot by Christopher Higgins.
12:44 of 2nd period - Stopped by Alexander Auld with a rebound.
13:29 of 2nd period - Shot by Martin Gelinas.
13:29 of 2nd period - Deflect By Henrik Sedin.
13:29 of 2nd period - Stopped by Alexander Auld with a rebound.
13:46 of 2nd period - Shot by Martin Gelinas.
13:46 of 2nd period - Shot Misses the Net.
13:47 of 2nd period - Shot by Craig Rivet.
13:47 of 2nd period - Shot Blocked by Jay McKee.
13:50 of 2nd period - Shot by Martin Gelinas.
13:50 of 2nd period - Stopped by Alexander Auld with a rebound.
14:09 of 2nd period - Shot by Sergei Samsonov.
14:09 of 2nd period - Shot Misses the Net.
14:10 of 2nd period - Shot by Francis Bouillon.
14:10 of 2nd period - Stopped by Alexander Auld with a rebound.
14:17 of 2nd period - Shot by Steve Reinprecht.
14:17 of 2nd period - Stopped by Alexander Auld with a rebound.
14:18 of 2nd period - Shot by Francis Bouillon.
14:18 of 2nd period - Shot Misses the Net.
14:19 of 2nd period - Shot by Steve Reinprecht.
14:19 of 2nd period - Deflect By Sergei Samsonov.
14:19 of 2nd period - Goal by Sergei Samsonov - Bruins : 4 - Canadiens : 2.
14:20 of 2nd period - Pavel Datsyuk wins face-off versus Olli Jokinen in neutral zone.
15:34 of 2nd period - Marco Sturm is hit by Andrei Markov and loses puck.
16:07 of 2nd period - Sergei Samsonov is hit by Jason Ward and loses puck.
16:59 of 2nd period - Shot by Martin Gelinas.
16:59 of 2nd period - Shot Misses the Net.
17:02 of 2nd period - Shot by Henrik Sedin.
17:02 of 2nd period - Stopped by Alexander Auld without a rebound.
17:03 of 2nd period - Henrik Sedin wins face-off versus Sean Avery in Bruins zone.
17:22 of 2nd period - Shot by Henrik Sedin.
17:22 of 2nd period - Shot Misses the Net.
17:27 of 2nd period - Shot by Henrik Sedin.
17:27 of 2nd period - Stopped by Alexander Auld without a rebound.
17:28 of 2nd period - Patrice Bergeron wins face-off versus Steve Reinprecht in Bruins zone.
17:53 of 2nd period - Shot by Patrice Bergeron.
17:53 of 2nd period - Stopped by David Aebischer without a rebound.
17:54 of 2nd period - Dave Scatchard wins face-off versus Patrice Bergeron in Canadiens zone.
18:09 of 2nd period - Shot by Patrice Bergeron.
18:09 of 2nd period - Stopped by David Aebischer with a rebound.
18:10 of 2nd period - Shot by Shean Donovan.
18:10 of 2nd period - Stopped by David Aebischer without a rebound.
18:11 of 2nd period - Olli Jokinen wins face-off versus Sean Avery in Canadiens zone.
18:13 of 2nd period - Icing by Mathieu Schneider.
18:14 of 2nd period - Sean Avery wins face-off versus Olli Jokinen in Canadiens zone.
18:25 of 2nd period - Shot by Olli Jokinen.
18:25 of 2nd period - Deflect By Daniel Sedin.
18:25 of 2nd period - Shot Misses the Net.
19:06 of 2nd period - Shot by Rick Nash.
19:06 of 2nd period - Stopped by David Aebischer without a rebound.
19:07 of 2nd period - Mike Richards wins face-off versus Steve Reinprecht in Canadiens zone.
19:24 of 2nd period - Shot by Mike Richards.
19:24 of 2nd period - Shot Misses the Net.
19:25 of 2nd period - Shot by Jay McKee.
19:25 of 2nd period - Shot Misses the Net.
19:28 of 2nd period - Shot by Zdeno Chara.
19:28 of 2nd period - Shot Misses the Net.
19:31 of 2nd period - Shot by Jason Ward.
19:31 of 2nd period - Shot Misses the Net.
19:34 of 2nd period - Shot by Mike Richards.
19:34 of 2nd period - Stopped by David Aebischer without a rebound.
19:35 of 2nd period - Henrik Sedin wins face-off versus Glen Murray in Canadiens zone.

Period #3

0:01 of 3rd period - Olli Jokinen wins face-off versus Pavel Datsyuk in neutral zone.
0:26 of 3rd period - Shot by Rick Nash.
0:26 of 3rd period - Stopped by David Aebischer with a rebound.
0:29 of 3rd period - Shot by Glen Murray.
0:29 of 3rd period - Deflect By Rick Nash.
0:29 of 3rd period - Goal by Rick Nash - Bruins : 5 - Canadiens : 2.
0:30 of 3rd period - Patrice Bergeron wins face-off versus Henrik Sedin in neutral zone.
1:04 of 3rd period - Off-side.
1:05 of 3rd period - Mike Richards wins face-off versus Sergei Samsonov in neutral zone.
1:34 of 3rd period - Shot by Mike Johnson.
1:34 of 3rd period - Stopped by Alexander Auld without a rebound.
1:35 of 3rd period - Pavel Datsyuk wins face-off versus Olli Jokinen in Bruins zone.
1:39 of 3rd period - Off-side.
1:40 of 3rd period - Pavel Datsyuk wins face-off versus Dave Scatchard in neutral zone.
1:52 of 3rd period - Icing by Christopher Higgins.
1:53 of 3rd period - Patrice Bergeron wins face-off versus Dave Scatchard in Canadiens zone.
1:56 of 3rd period - Shot by Shean Donovan.
1:56 of 3rd period - Stopped by David Aebischer without a rebound.
1:57 of 3rd period - Henrik Sedin wins face-off versus Patrice Bergeron in Canadiens zone.
2:24 of 3rd period - Shot by Shean Donovan.
2:24 of 3rd period - Stopped by David Aebischer without a rebound.
2:25 of 3rd period - Olli Jokinen wins face-off versus Pavel Datsyuk in Canadiens zone.
3:07 of 3rd period - Glen Murray is hit by Michael Ryder and loses puck.
3:20 of 3rd period - Off-side.
3:21 of 3rd period - Henrik Sedin wins face-off versus Patrice Bergeron in neutral zone.
3:42 of 3rd period - Shot by Patrice Bergeron.
3:42 of 3rd period - Stopped by David Aebischer with a rebound.
3:47 of 3rd period - Shot by Zdeno Chara.
3:47 of 3rd period - Shot Misses the Net.
3:52 of 3rd period - Shot by Marco Sturm.
3:52 of 3rd period - Stopped by David Aebischer without a rebound.
3:53 of 3rd period - Mike Richards wins face-off versus Steve Reinprecht in Canadiens zone.
4:15 of 3rd period - Sergei Samsonov is hit by Mike Richards and loses puck.
5:23 of 3rd period - Shot by Olli Jokinen.
5:23 of 3rd period - Stopped by Alexander Auld without a rebound.
5:24 of 3rd period - Henrik Sedin wins face-off versus Pavel Datsyuk in Bruins zone.
6:16 of 3rd period - Icing by Paul Mara.
6:17 of 3rd period - Olli Jokinen wins face-off versus Pavel Datsyuk in Bruins zone.
6:40 of 3rd period - Shot by Jason Ward.
6:40 of 3rd period - Shot Blocked by Andrei Markov.
6:47 of 3rd period - Shot by Daniel Sedin.
6:47 of 3rd period - Shot Blocked by Jay McKee.
6:50 of 3rd period - Shot by Michael Ryder.
6:50 of 3rd period - Stopped by Alexander Auld without a rebound.
6:51 of 3rd period - Patrice Bergeron wins face-off versus Dave Scatchard in Bruins zone.
7:01 of 3rd period - Icing by Mathieu Schneider.
7:02 of 3rd period - Sean Avery wins face-off versus Dave Scatchard in Canadiens zone.
7:04 of 3rd period - Minor Penalty to Dave Scatchard for Interference.
7:05 of 3rd period - Henrik Sedin wins face-off versus Patrice Bergeron in Canadiens zone.
7:20 of 3rd period - Shot by Daniel Sedin.
7:20 of 3rd period - Deflect By Henrik Sedin.
7:20 of 3rd period - Shot Misses the Net.
7:21 of 3rd period - Shot by Craig Rivet.
7:21 of 3rd period - Deflect By Henrik Sedin.
7:21 of 3rd period - Shot Misses the Net.
7:24 of 3rd period - Shot by Henrik Sedin.
7:24 of 3rd period - Stopped by Alexander Auld without a rebound.
7:25 of 3rd period - Shane Doan wins face-off versus Pavel Datsyuk in Bruins zone.
8:59 of 3rd period - Minor Penalty to Shean Donovan for Cross-checking.
9:00 of 3rd period - Patrice Bergeron wins face-off versus Henrik Sedin in Canadiens zone.
10:33 of 3rd period - Shot by Steve Reinprecht.
10:33 of 3rd period - Shot Misses the Net.
10:41 of 3rd period - Icing by Christopher Higgins.
10:42 of 3rd period - Steve Reinprecht wins face-off versus Mike Richards in Canadiens zone.
11:12 of 3rd period - Icing by Francis Bouillon.
11:13 of 3rd period - Patrice Bergeron wins face-off versus Sergei Samsonov in Canadiens zone.
11:26 of 3rd period - Shot by Patrice Bergeron.
11:26 of 3rd period - Stopped by David Aebischer without a rebound.
11:27 of 3rd period - Dave Scatchard wins face-off versus Mike Richards in Canadiens zone.
11:48 of 3rd period - Shot by Christopher Higgins.
11:48 of 3rd period - Goal by Christopher Higgins - Bruins : 5 - Canadiens : 3.
11:49 of 3rd period - Pavel Datsyuk wins face-off versus Henrik Sedin in neutral zone.
12:26 of 3rd period - Shot by Martin Gelinas.
12:26 of 3rd period - Stopped by Alexander Auld with a rebound.
12:49 of 3rd period - Shot by Daniel Sedin.
12:49 of 3rd period - Shot Blocked by Sami Salo.
12:52 of 3rd period - Shot by Olli Jokinen.
12:52 of 3rd period - Shot Misses the Net.
12:55 of 3rd period - Shot by Daniel Sedin.
12:55 of 3rd period - Deflect By Olli Jokinen.
12:55 of 3rd period - Goal by Olli Jokinen - Bruins : 5 - Canadiens : 4.
12:56 of 3rd period - Shean Donovan wins face-off versus Steve Reinprecht in neutral zone.
13:32 of 3rd period - Steve Reinprecht is hit by Zdeno Chara and loses puck.
13:37 of 3rd period - Sergei Samsonov is hit by Mattias Norstrom and loses puck.
13:47 of 3rd period - Shot by Michael Ryder.
13:47 of 3rd period - Deflect By Daniel Sedin.
13:47 of 3rd period - Stopped by Alexander Auld with a rebound.
13:48 of 3rd period - Shot by Andrei Markov.
13:48 of 3rd period - Stopped by Alexander Auld with a rebound.
13:49 of 3rd period - Shot by Mathieu Schneider.
13:49 of 3rd period - Shot Misses the Net.
13:52 of 3rd period - Shot by Daniel Sedin.
13:52 of 3rd period - Stopped by Alexander Auld with a rebound.
13:55 of 3rd period - Shot by Daniel Sedin.
13:55 of 3rd period - Deflect By Olli Jokinen.
13:55 of 3rd period - Shot Misses the Net.
14:00 of 3rd period - Shot by Olli Jokinen.
14:00 of 3rd period - Shot Blocked by Zdeno Chara.
14:03 of 3rd period - Shot by Daniel Sedin.
14:03 of 3rd period - Stopped by Alexander Auld without a rebound.
14:04 of 3rd period - Mike Richards wins face-off versus Henrik Sedin in Bruins zone.
14:37 of 3rd period - Shot by Martin Gelinas.
14:37 of 3rd period - Shot Blocked by Dean McAmmond.
16:23 of 3rd period - Icing by Sami Salo.
16:24 of 3rd period - Pavel Datsyuk wins face-off versus Henrik Sedin in Bruins zone.
16:32 of 3rd period - Minor Penalty to Sheldon Souray for Holding.
16:33 of 3rd period - Henrik Sedin wins face-off versus Marco Sturm in Canadiens zone.
16:46 of 3rd period - Shot by Marco Sturm.
16:46 of 3rd period - Shot Blocked by Craig Rivet.
16:49 of 3rd period - Shot by Marco Sturm.
16:49 of 3rd period - Stopped by David Aebischer with a rebound.
16:50 of 3rd period - Shot by Zdeno Chara.
16:50 of 3rd period - Shot Misses the Net.
16:53 of 3rd period - Shot by Shean Donovan.
16:53 of 3rd period - Shot Misses the Net.
16:54 of 3rd period - Shot by Zdeno Chara.
16:54 of 3rd period - Stopped by David Aebischer without a rebound.
16:55 of 3rd period - Pavel Datsyuk wins face-off versus Olli Jokinen in Canadiens zone.
17:04 of 3rd period - Shot by Rick Nash.
17:04 of 3rd period - Deflect By Pavel Datsyuk.
17:04 of 3rd period - Shot Blocked by Olli Jokinen.
17:26 of 3rd period - Off-side.
17:27 of 3rd period - Henrik Sedin wins face-off versus Patrice Bergeron in neutral zone.
17:56 of 3rd period - Shot by Shean Donovan.
17:56 of 3rd period - Shot Hit the Post.
17:57 of 3rd period - Shot by Mattias Norstrom.
17:57 of 3rd period - Shot Blocked by Janne Niinimaa.
18:00 of 3rd period - Shot by Marco Sturm.
18:00 of 3rd period - Stopped by David Aebischer without a rebound.
18:01 of 3rd period - Olli Jokinen wins face-off versus Pavel Datsyuk in Canadiens zone.
18:45 of 3rd period - Jason Ward is hit by Janne Niinimaa and loses puck.
18:46 of 3rd period - Jason Ward from Bruins is injured at 18:46 of 3rd period (Head).
18:47 of 3rd period - Sean Avery wins face-off versus Dave Scatchard in Canadiens zone.
18:52 of 3rd period - Shot by P.J. Axelsson.
18:52 of 3rd period - Deflect By Sean Avery.
18:52 of 3rd period - Shot Misses the Net.
18:55 of 3rd period - Shot by Rostislav Klesla.
18:55 of 3rd period - Shot Misses the Net.
18:56 of 3rd period - Shot by Mattias Norstrom.
18:56 of 3rd period - Shot Misses the Net.
18:59 of 3rd period - Shot by P.J. Axelsson.
18:59 of 3rd period - Shot Hit the Post.
19:02 of 3rd period - Shot by P.J. Axelsson.
19:02 of 3rd period - Deflect By Sean Avery.
19:02 of 3rd period - Stopped by David Aebischer without a rebound.
19:03 of 3rd period - Steve Reinprecht wins face-off versus Shean Donovan in Canadiens zone.
19:27 of 3rd period - Marco Sturm is hit by Francis Bouillon and loses puck.
19:38 of 3rd period - Off-side.
19:39 of 3rd period - Henrik Sedin wins face-off versus Mike Richards in neutral zone.
19:41 of 3rd period - Martin Gelinas is hit by Rostislav Klesla and loses puck.
19:43 of 3rd period - Canadiens, David Aebischer is pulled from the net.
19:54 of 3rd period - Minor Penalty to Jay McKee for Slashing.
19:55 of 3rd period - Olli Jokinen wins face-off versus Glen Murray in Bruins zone.
19:56 of 3rd period - Shot by Daniel Sedin.
19:56 of 3rd period - Shot Misses the Net.


Output by the SimonT Hockey Simulator (STHS) for Stephane Roy -- Original Page W3C XHTML 1.0 Valid